 Dungeon Crawl Stone Soup version 0.27.1-4-g1640c2035a (webtiles) character file.

Game seed: 3230069374365401878

5579 raph the Spear-Bearer (level 10, -2/84 HPs)
             Began as a Merfolk Gladiator on Nov 6, 2021.
             Was an Elder of Okawaru.
             Slain by an orc knight (30 damage)
             ... in a bailey.
             The game lasted 00:18:27 (8714 turns).

raph the Spear-Bearer (Merfolk Gladiator)           Turns: 8714, Time: 00:18:27

Health: -2/84      AC:  8    Str: 15    XL:     10   Next: 72%
Magic:  9/10       EV: 22    Int:  9    God:    Okawaru [****..]
Gold:   213        SH:  0    Dex: 17    Spells: 9/9 levels left

rFire    . . .     SeeInvis +   a - +2 trident (elec)
rCold    + . .     Faith    .   (no shield)
rNeg     . . .     Spirit   .   o - +0 troll leather armour {Purgy}
rPois    .         Reflect  .   c - +0 helmet
rElec    .         Harm     .   m - +0 cloak
rCorr    .         Rampage  .   t - +0 pair of gloves
Will     .....                  (no boots)
Stlth    +++.......             w - amulet of the acrobat
HPRegen  1.24/turn              g - ring of see invisible
MPRegen  0.12/turn              i - ring of protection from cold

@: heroic, hasted (expiring), very quick
A: (nimble swimmer 2), mertail
a: Renounce Religion, Heroism


You were in a bailey.
You worshipped Okawaru.
Okawaru was greatly pleased with you.
You visited 2 branches of the dungeon, and saw 9 of its levels.
You also visited: Sewer and Bailey.

You collected 430 gold pieces.
You spent 217 gold pieces at shops.

Inventory:

Hand Weapons
 a - a +2 trident of electrocution (weapon)
 e - a +0 halberd
Missiles
 j - 12 boomerangs (quivered)
 I - 16 poisoned darts
Armour
 b - a +0 leather armour
 c - a +0 helmet (worn)
 m - a +0 cloak (worn)
 o - a +0 troll leather armour (worn) {Purgy}
 t - a +0 pair of gloves (worn)
Jewellery
 g - a ring of see invisible (left hand)
 h - a ring of resist corrosion
 i - a ring of protection from cold (right hand)
 k - a ring of positive energy
 p - a ring of fire
 w - an amulet of the acrobat (around neck)
 y - a ring of willpower
 F - a ring of ice
 K - an amulet of magic regeneration
Wands
 C - a wand of flame (47)
 D - a wand of polymorph (10)
Scrolls
 s - 3 scrolls of magic mapping
 u - a scroll of brand weapon
 x - 2 scrolls of teleportation
 E - a scroll of blinking
 G - a scroll of amnesia
 H - a scroll of fog
 L - a scroll of acquirement
Potions
 f - a potion of attraction
 l - 5 potions of curing
 n - 3 potions of magic
 r - 2 potions of brilliance
 v - a potion of might
 z - 2 potions of flight
 A - a potion of invisibility
 B - a potion of ambrosia
 J - 4 potions of heal wounds
 M - a potion of cancellation {unknown}
 N - a potion of haste


   Skills:
 + Level 9.6(14.6) Fighting
 - Level 14.0(19.0) Polearms
 - Level 2.0(7.0) Throwing
 + Level 11.7(16.7) Dodging
 * Level 0.9 Invocations


You had 9 spell levels left.
You didn't know any spells.
Your spell library was empty.

Dungeon Overview and Level Annotations

Branches:
Dungeon (8/15)             Temple (1/1) D:4           Sewer (visited)
 Bailey (1/1)
   Lair: D:8-11

Altars:
Elyvilon
Fedhas
Kikubaaqudgha
Okawaru
Yredelemnul

Shops:
D:1 [?[[(

Annotations:
D:4 1 runed translucent door, Trampli's ghost, amateur GrFi
D:7 2 transporters, truevaserg's ghost, novice DsCj


Innate Abilities, Weirdness & Mutations

((You are quick and stealthy near water. (Stealth+, EV+, Speed+++)))
Your lower body shifts to a powerful aquatic tail in water.


Message History

Throw: 12 boomerangs
Press: ? - help, Q - select action, (/) - cycle Shift-Dir - straight line, f/p - orc knight
Aim: an orc knight, wielding a +0 halberd and wearing a +0 ring mail (heavily wounded, strong, entangled in a net, 92% to hit)
You throw a boomerang. The boomerang hits the orc knight.
The orc knight is heavily wounded.
Your extra speed is starting to run out.
The orc knight struggles against the net.
The net rips apart, and the orc knight comes free!
The orc knight struggles against the net.
Throw: 12 boomerangs
Press: ? - help, Q - select action, (/) - cycle Shift-Dir - straight line, f/p - orc knight
Aim: an orc knight, wielding a +0 halberd and wearing a +0 ring mail (heavily wounded, strong, entangled in a net, 92% to hit)
You throw a boomerang. The boomerang hits the orc knight.
The orc knight is heavily wounded.
Throw: 12 boomerangs
Press: ? - help, Q - select action, (/) - cycle Shift-Dir - straight line, f - orc knight, p - orc knight
Aim: an orc knight, wielding a +0 halberd and wearing a +0 scale mail (heavily wounded, strong, 64% to hit)
You throw a boomerang. The boomerang hits the orc knight.
The orc knight is heavily wounded.
The orc knight struggles against the net.
The net rips apart, and the orc knight comes free!
Okay, then.
Okay, then.
The orc knight no longer looks unusually strong.
Things that are here:
a +0 hand axe; an orc corpse You are too injured to fight recklessly!
Unknown command.
Reach: a) +2 trident (elec)
Press: ? - help, Dir - move target, f/p - orc knight
Aim: an orc knight, wielding a +0 halberd and wearing a +0 scale mail (heavily wounded, strong, about 30% to evade your +2 trident of electrocution)
You reach to attack!
You impale the orc knight!!
The orc knight is almost dead.
Reach: a) +2 trident (elec)
Press: ? - help, Dir - move target, f/p - orc knight
Aim: an orc knight, wielding a +0 halberd and wearing a +0 scale mail (almost dead, strong, about 30% to evade your +2 trident of electrocution)
You reach to attack!
You hit the orc knight.
The orc knight is almost dead.
The orc knight hits you from afar with a +0 halberd!!
You die...

###)###
##())..##
#...)...#
#..(....#
#.......#
#.......#
#..oo)[.#
#..))).)#
#..@)...#
#.......#
#∩.....∩#
#.......#
##..∩..##
#######


You could see 2 orc knights.

Vanquished Creatures
  Erica (D:8)
  Joseph (D:8)
  A troll (D:8)
  Sigmund (D:6)
  A wyvern (D:8)
  3 water moccasins (D:7)
  Duvessa (D:7)
  Purgy (Sewer)
  7 orc warriors
  An ice beast (D:7)
  3 ogres
  8 necrophages
  3 bullfrogs
  A kobold brigand (D:7)
  A wyvern zombie (D:6)
  Dowan (D:7)
  4 scorpions
  2 water moccasin skeletons
  4 wights
  A vampire bat (D:6)
  A howler monkey (D:7)
  2 bullfrog zombies
  A centaur zombie (D:8)
  A human zombie (D:6)
  2 hounds
  3 jellies
  3 orc priests
  A centaur skeleton (D:7)
  2 iguanas (D:6)
  4 orc wizards
  2 killer bee zombies
  3 mummies (D:6)
  Robin (D:2)
  10 adders
  8 gnolls
  A river rat (D:4)
  A worm (D:3)
  2 dart slugs
  41 orcs
  3 bats
  2 bat skeletons (D:6)
  3 bat zombies (D:6)
  9 endoplasms
  3 giant cockroaches
  5 hobgoblins
  2 quokkas
  7 ball pythons
  4 frilled lizards
  11 goblins
  11 kobolds
  6 rats
201 creatures vanquished.

Vanquished Creatures (collateral kills)
  5 orcs (Bailey)
5 creatures vanquished.

Vanquished Creatures (others)
  A bat (D:1)
1 creature vanquished.

Grand Total: 207 creatures vanquished

Notes
Turn   | Place    | Note
-------+----------+-------------------------------------------
     0 | D:1      | raph the Merfolk Gladiator began the quest for the Orb.
     0 | D:1      | Reached XP level 1. HP: 16/16 MP: 1/1
    19 | D:1      | Found Ovveraoth's Armour Shop.
   104 | D:1      | Found Estew's Magic Scroll Emporium.
   115 | D:1      | Found Woquur's Antique Armour Shop.
   187 | D:1      | Reached XP level 2. HP: 22/23 MP: 2/2
   324 | D:1      | Found a faded altar of an unknown god.
   324 | D:1      | Found Pezxaq's Antique Weapon Boutique.
   498 | D:1      | Found Gaejop's Armour Shoppe.
   517 | D:1      | Reached skill level 5 in Polearms
   841 | D:2      | Found an iron altar of Okawaru.
   842 | D:2      | Noticed Robin
  1099 | D:2      | Reached XP level 3. HP: 28/28 MP: 3/3
  1670 | D:2      | Reached XP level 4. HP: 20/35 MP: 4/4
  1882 | D:2      | Reached skill level 6 in Polearms
  2044 | D:2      | Killed Robin
  2248 | D:2      | Became a worshipper of Warmaster Okawaru
  2388 | D:2      | Reached skill level 5 in Dodging
  2388 | D:2      | Reached XP level 5. HP: 33/41 MP: 5/5
  2914 | D:3      | Reached skill level 7 in Polearms
  3129 | D:1      | Bought a pair of gloves for 112 gold pieces
  3407 | D:4      | Found a staircase to the Ecumenical Temple.
  3446 | D:4      | Reached XP level 6. HP: 46/48 MP: 6/6
  3539 | D:4      | Reached * piety under Okawaru
  3540 | D:4      | Reached skill level 8 in Polearms
  3591 | D:4      | Found a glowing drain.
  3654 | Sewer    | Entered a sewer
  3688 | Sewer    | Noticed Purgy
  3708 | Sewer    | Killed Purgy
  3709 | Sewer    | Reached XP level 7. HP: 42/55 MP: 7/7
  3921 | D:4      | Found a runed translucent door.
  3925 | D:4      | Noticed Trampli's ghost (amateur GrFi)
  4027 | D:4      | Reached skill level 9 in Polearms
  4112 | D:4      | Reached skill level 5 in Fighting
  4118 | D:4      | Reached ** piety under Okawaru
  4309 | D:4      | Reached XP level 8. HP: 62/62 MP: 8/8
  4503 | Temple   | Entered the Ecumenical Temple
  4573 | D:5      | Entered Level 5 of the Dungeon
  4610 | D:5      | Reached skill level 10 in Polearms
  6003 | D:6      | Reached skill level 11 in Polearms
  6005 | D:6      | Found a basalt altar of Yredelemnul.
  6042 | D:6      | Reached *** piety under Okawaru
  6070 | D:6      | Reached XP level 9. HP: 71/71 MP: 9/9
  6090 | D:6      | Reached skill level 12 in Polearms
  6259 | D:6      | Found an ancient bone altar of Kikubaaqudgha.
  6312 | D:6      | Noticed Sigmund
  6322 | D:6      | Killed Sigmund
  6880 | D:1      | Bought a scroll of blinking for 105 gold pieces
  7049 | D:7      | Received a gift from Okawaru
  7152 | D:7      | Reached **** piety under Okawaru
  7225 | D:7      | Reached skill level 13 in Polearms
  7434 | D:7      | Found a white marble altar of Elyvilon.
  7473 | D:7      | Noticed Duvessa
  7510 | D:7      | Killed Duvessa
  7521 | D:7      | Noticed Dowan
  7530 | D:7      | Killed Dowan
  7830 | D:7      | Identified the +6 great mace of the Doomed Warrior {drain,
                  | rElec rPois Int+4 Dex+3}
  7830 | D:7      | Noticed a two-headed ogre
  7830 | D:7      | Noticed truevaserg's ghost (novice DsCj)
  7832 | D:7      | Found a transporter.
  7840 | D:7      | Found a transporter.
  8040 | D:8      | Reached XP level 10. HP: 68/80 MP: 10/10
  8118 | D:8      | Reached skill level 14 in Polearms
  8118 | D:8      | Reached skill level 10 in Dodging
  8160 | D:8      | Noticed Joseph
  8179 | D:8      | Killed Joseph
  8232 | D:8      | Noticed Erica
  8245 | D:8      | Killed Erica
  8245 | D:8      | Received a gift from Okawaru
  8304 | D:8      | Reached ***** piety under Okawaru
  8305 | D:8      | Found a blossoming altar of Fedhas.
  8430 | D:8      | Found a flagged portal.
  8445 | Bailey   | Entered a bailey
  8632 | Bailey   | Noticed an orc knight
  8677 | Bailey   | Noticed an orc knight
  8714 | Bailey   | Slain by an orc knight

Illustrated notes

Levels and vault maps discovered:
D:1:      onia_arrival_mini_spirals, layout_basic, serial_shops, shop, shop,
          nicolae_shop_stone, shop, shop, ebering_ecumenical_altar_webs
D:2:      layout_loops_ring, basic_altar, kennysheep_cross_bottleneck,
          uniq_robin
D:3:      layout_basic
D:4:      layout_basic, minmay_temple_entry_junction, ebering_ghost_sewer_d,
          portal_sewer_entry_a
D:5:      layout_layer_cave, kennysheep_nub
D:6:      layout_basic, kennysheep_vampire_church,
          lemuel_mausoleum_altar_yredelemnul, uniq_sigmund
D:7:      layout_loops_ring, marbit_many_paths, gammafunk_ghost_smash,
          amcnicky_mini_corridor_feature, grunt_decor_fettered, uniq_duvessa
D:8:      layout_rooms, lemuel_doored_altar, enter_bailey_7, uniq_joseph,
          uniq_erica
Temple:   dpeg_five_rooms_temple
Bailey:   bailey_polearm_5, bailey

Skill      XL: |  1  2  3  4  5  6  7  8  9 10 |
---------------+-------------------------------+-----
Polearms       | 5 6 7 8 9 11 13 14 | 14.0
Fighting       | 3 4 5 6 7 9 |  9.6
Dodging        | 5 6 8 9 11 | 11.7
Throwing       | |  2.0
Invocations    | |  0.9

Action                   |  1- 3 |  4- 6 |  7- 9 | 10-12 || total
-------------------------+-------+-------+-------+-------++-------
Melee: Trident           |    76 |   132 |   294 |   152 ||   654
       Punch             |       |       |       |     1 ||     1
Throw: Javelin           |       |       |     5 |     6 ||    11
       Boomerang         |       |       |       |     5 ||     5
       Throwing net      |       |       |       |     3 ||     3
Invok: Heroism           |       |       |     4 |     5 ||     9
       Finesse           |       |       |       |     1 ||     1
  Use: Scroll            |       |     8 |     9 |     5 ||    22
       Potion            |       |     1 |       |     1 ||     2
 Stab: Sleeping          |       |     5 |     7 |       ||    12
       Invisible         |       |     2 |       |       ||     2
Armor: Leather armour    |    20 |    17 |       |       ||    37
       Troll leather arm |       |       |    33 |    15 ||    48
Dodge: Dodged            |    41 |    78 |   138 |    79 ||   336
